 Dungeon Crawl Stone Soup version 0.31.0-12-g77e489cdc1 (webtiles) character file.

Game seed: 854582160725692104

3310 jimonade the Cleaver (level 10, -16/77 HPs)
             Began as a Hill Orc Monk on Feb 28, 2024.
             Was an Elder of the Shining One.
             Demolished by Gastronok (28 damage)
             ... on level 8 of the Dungeon.
             The game lasted 00:17:36 (6941 turns).

jimonade the Cleaver (Hill Orc Monk)                Turns: 6941, Time: 00:17:37

Health: -16/77     AC: 16    Str: 19    XL:     10   Next: 1%
Magic:  6/14       EV: 12    Int: 10    God:    the Shining One [****..]
Gold:   527        SH: 20    Dex: 13    Spells: 9/9 levels left

rFire   . . .        a - +0 hand axe
rCold   + + .        B - +2 kite shield
rNeg    + + .        z - +3 chain mail {rC+}
rPois   .            r - +0 helmet
rElec   .            m - +0 cloak
rCorr   .            (no gloves)
SInv    .            (no boots)
Will    .....        (no amulet) Stlth
                     e - +5 ring of evasion
HPRegen 0.32/turn    w - ring of protection from cold
MPRegen 0.14/turn

%: no passive effects
@: divinely shielded, slowed, glowing, very slow
A: no striking features
a: Renounce Religion, Divine Shield, Cleansing Flame


You were on level 8 of the Dungeon.
You worshipped the Shining One.
The Shining One was greatly pleased with you.
You visited 1 branch of the dungeon, and saw 8 of its levels.

You collected 527 gold pieces.

Inventory:

Hand Weapons
 a - a +0 hand axe (weapon)
 b - a +2 dagger of electrocution
 n - a +0 mace
 o - a +0 flail
 p - a +0 long sword
 q - a +0 glaive
 y - a +0 rapier
 Q - the +3 falchion "Hohuloh" {speed, rF- Int+3 SInv Stlth+}
   (You took it off an orc wizard on level 6 of the Dungeon)

   Int+3:     It affects your intelligence (+3).
   rF-:       It makes you vulnerable to fire.
   SInv:      It lets you see invisible.
   Stlth+:    It makes you more stealthy.
 R - a +0 morningstar
 U - a +2 antimagic mace
Missiles
 I - 4 poisoned darts (quivered)
 M - 4 atropa-tipped darts
Armour
 d - an orb of light
 m - a +0 cloak (worn)
 r - a +0 helmet (worn)
 z - a +3 chain mail of cold resistance (worn)
 B - a +2 kite shield (worn)
Magical Staves
 t - a staff of conjuration
 x - a staff of alchemy
 T - a staff of fire
Jewellery
 e - a +5 ring of evasion (left hand)
 w - a ring of protection from cold (right hand)
 V - the ring of Xaxoxan {Wiz Str+5 Dex+4}
   (You found it on level 7 of the Dungeon)

   [ring of wizardry]

   Wiz:       It improves your spell success rate.
   Str+5:     It affects your strength (+5).
   Dex+4:     It affects your dexterity (+4).
Wands
 h - a wand of polymorph (3)
 O - a wand of roots (5)
Scrolls
 i - 2 scrolls of blinking
 j - 2 scrolls of revelation {unknown}
 s - 4 scrolls of teleportation
 v - a scroll of acquirement {unknown}
 C - 2 scrolls of fear {unknown}
 D - a scroll of fog {unknown}
 E - a scroll of silence {unknown}
 H - a scroll of torment {unknown}
 K - 3 scrolls of amnesia {unknown}
 N - 3 scrolls of immolation {unknown}
 P - a scroll of noise {unknown}
 S - a scroll of enchant weapon {unknown}
Potions
 c - a potion of ambrosia
 f - a potion of enlightenment
 g - a potion of haste
 k - 2 potions of heal wounds
 l - a potion of might
 u - 2 potions of curing {unknown}
 A - a potion of magic {unknown}
 F - a potion of berserk rage {unknown}
 G - 2 potions of attraction {unknown}
 J - a potion of lignification {unknown}
 L - a potion of invisibility {unknown}


   Skills:
 - Level 3.6 Fighting
 + Level 12.5 Axes
 + Level 7.0 Armour
 - Level 2.4 Dodging
 + Level 7.0 Shields
 + Level 5.8 Invocations


You had 9 spell levels left.
You didn't know any spells.
Your spell library contained the following spells:

 Spells                   Type           Power      Damage    Failure   Level
 Slow                     Hex            0%         N/A       99%         1
 Summon Small Mammal      Summ           0%         N/A       99%         1
 Call Canine Familiar     Summ           0%         N/A       100%        3
 Confusing Touch          Hex            0%         N/A       100%        3
 Sigil of Binding         Hex            0%         N/A       100%        3
 Vampiric Draining        Necr           0%         2d6       100%        3
 Summon Blazeheart Golem  Fire/Summ      0%         N/A       100%        4
 Eringya's Noxious Bog    Alch           0%         4d6       100%        6
 Polar Vortex             Ice            0%         N/A       100%        9


Dungeon Overview and Level Annotations

Branches:
Dungeon (8/15) Zot: 26738  Temple (0/1) D:6
   Lair: D:8-11

Altars:
Ashenzari
Okawaru
Sif Muna
Uskayaw
Wu Jian
Zin
The Shining One

Shops:
D:4 :

Annotations:
D:8 Gastronok


Message History

You hit Gastronok but do no damage.
Gastronok is lightly wounded.
The bat closely misses you. You block the bat's attack.
Gastronok waves his eye-stalks in wide circles.
The air twists around and strikes you! You block the bat's attack.
You feel magic returning to you.
a - a +0 hand axe (weapon)
You slash Gastronok!
Gastronok is lightly wounded.
You hit the bat.
You kill the bat!
The bat's corpse disappears in a puff of smoke!
You hit Gastronok.
Gastronok is moderately wounded.
Gastronok casts a spell at you.
You feel yourself slow down.
You hit Gastronok.
Gastronok is moderately wounded.
You hit Gastronok.
Gastronok is moderately wounded.
Gastronok's magic is no longer disrupted.
Gastronok barely misses you.
Your shield is strengthened by the Shining One's divine power.
Gastronok bites you but does no damage.
You hit Gastronok.
Gastronok is moderately wounded.
You hit Gastronok.
Gastronok is moderately wounded.
You block Gastronok's attack.
You hit Gastronok.
Gastronok is moderately wounded.
You block Gastronok's attack.
You hit Gastronok.
Gastronok is moderately wounded.
You hit Gastronok.
Gastronok is moderately wounded.
Gastronok looks at you and mumbles some strange words.
You feel as though you will be slow longer.
You hit Gastronok but do no damage.
Gastronok is moderately wounded.
You hit Gastronok but do no damage.
Gastronok is moderately wounded.
You block Gastronok's attack.
You hit Gastronok but do no damage.
Gastronok is moderately wounded.
Gastronok waves his eye-stalks in wide circles.
The air twists around and strikes you!
You hit Gastronok.
Gastronok is moderately wounded.
You hit Gastronok.
Gastronok is heavily wounded.
Gastronok bites you but does no damage.
You hit Gastronok but do no damage.
Gastronok is heavily wounded.
You hit Gastronok.
Gastronok is heavily wounded.
You block Gastronok's attack.
You hit Gastronok but do no damage.
Gastronok is heavily wounded.
You block Gastronok's attack.
You hit Gastronok.
Gastronok is heavily wounded.
You hit Gastronok.
Gastronok is heavily wounded.
Gastronok bites you!
You hit Gastronok.
Gastronok is heavily wounded.
You hit Gastronok but do no damage.
Gastronok is heavily wounded.
Gastronok casts a spell.
You hit Gastronok.
Gastronok is heavily wounded.
You hit Gastronok.
Gastronok is heavily wounded.
Gastronok bites you!!
* * * LOW HITPOINT WARNING * * *
You hit Gastronok.
Gastronok is heavily wounded.
You feel a sudden, passing aversion to salt.
You hit Gastronok but do no damage.
Gastronok is heavily wounded.
You hit Gastronok.
Gastronok is heavily wounded.
You block Gastronok's attack.
You hit Gastronok but do no damage.
Gastronok is heavily wounded.
You completely miss Gastronok.
Gastronok is heavily wounded.
Gastronok casts a spell.
Gastronok puts on a burst of speed!
You hit Gastronok.
Gastronok is heavily wounded.
You wobble.
You hit Gastronok.
Gastronok is heavily wounded.
You hit Gastronok.
Gastronok is heavily wounded.
Gastronok bites you!!
You die...
Gastronok gurgles, "Time to dig in!"

###### ####
##....#####...
##..#.........#
#
#..#..#######..
#r####.#..##
##. #bw@.....##
## #####...## #
#.#.# #.#.#
#.#.# #.#.#
..#.# ### # ##


You could see Gastronok (swift), a bat (summoned) and a rat (summoned).

Vanquished Creatures
  Joseph (D:8)
  Prince Ribbit (D:7)
  7 water moccasins
  2 ice beasts
  A sky beast (D:6)
  A black bear (D:5)
  2 ogres
  A phantom (D:3)
  A bullfrog (D:7)
  A gnoll sergeant (D:3)
  4 scorpions
  4 killer bees (D:7)
  3 howler monkeys
  3 hounds
  3 bombardier beetles
  A jelly (D:6)
  An orc priest (D:4)
  A sleepcap (D:3)
  3 iguanas
  Terence (D:3)
  5 orc wizards
  Robin (D:2)
  6 gnolls
  13 adders
  A shadow imp (D:5)
  A white imp (D:6)
  2 ribbon worms
  27 orcs
  6 ball pythons
  13 endoplasms
  11 goblins
  8 hobgoblins
  5 jackals
  3 quokkas
  3 bats
  2 frilled lizards (D:3)
  12 kobolds
  5 rats
166 creatures vanquished.

Notes
Turn   | Place    | Note
-------+----------+-------------------------------------------
     0 | D:1      | jimonade the Hill Orc Monk began the quest for the Orb.
     0 | D:1      | Reached XP level 1. HP: 19/19 MP: 1/1
   164 | D:1      | Reached XP level 2. HP: 23/26 MP: 2/2
   340 | D:1      | Reached skill level 5 in Axes
   469 | D:1      | Found a faded altar of an unknown god.
   472 | D:1      | Prayed at the altar of an unknown god.
   472 | D:1      | Became a worshipper of the Shining One
   472 | D:1      | Reached * piety under the Shining One
   472 | D:1      | Reached ** piety under the Shining One
   822 | D:2      | Noticed Robin
   823 | D:2      | Reached *** piety under the Shining One
   830 | D:2      | Reached XP level 3. HP: 22/29 MP: 3/3
  1101 | D:2      | Killed Robin
  1102 | D:2      | Reached skill level 6 in Axes
  1119 | D:2      | Reached XP level 4. HP: 31/39 MP: 4/4
  1523 | D:2      | You fall into a shaft and drop 1 floor!
  1575 | D:3      | Reached skill level 7 in Axes
  1580 | D:3      | Reached XP level 5. HP: 8/45 MP: 5/5
  1596 | D:3      | Noticed Terence
  1636 | D:3      | Killed Terence
  2032 | D:2      | Reached skill level 8 in Axes
  2292 | D:2      | Reached XP level 6. HP: 39/51 MP: 6/6
  2403 | D:3      | Reached skill level 9 in Axes
  2496 | D:3      | Found an iron altar of Okawaru.
  2800 | D:3      | Found a broken altar of Ashenzari.
  3100 | D:3      | Reached skill level 1 in Armour
  3100 | D:3      | Reached skill level 1 in Shields
  3154 | D:3      | Reached XP level 7. HP: 14/57 MP: 7/7
  3576 | D:4      | Found Zinkeg's Self-Published Books.
  3690 | D:4      | Found a hide-covered altar of Uskayaw.
  3945 | D:5      | Entered Level 5 of the Dungeon
  4069 | D:5      | Reached skill level 10 in Axes
  4124 | D:5      | Reached XP level 8. HP: 58/64 MP: 8/8
  4622 | D:5      | Reached **** piety under the Shining One
  4634 | D:5      | Reached skill level 11 in Axes
  4822 | D:6      | Found a staircase to the Ecumenical Temple.
  4842 | D:6      | Reached skill level 1 in Invocations
  4850 | D:6      | Reached skill level 5 in Armour
  4850 | D:6      | Reached skill level 5 in Shields
  4947 | D:6      | Identified the +3 falchion "Hohuloh" {speed, rF- Int+3 SInv
                  | Stlth+}
  4967 | D:6      | Reached XP level 9. HP: 69/70 MP: 10/10
  4987 | D:6      | Got Ruefibif's Vellum of Refrigeration and the Tincture
  5095 | D:6      | Found a shimmering blue altar of Sif Muna.
  5609 | D:6      | Found a glowing silver altar of Zin.
  5791 | D:7      | Noticed Prince Ribbit
  5848 | D:7      | Killed Prince Ribbit
  5849 | D:7      | Reached skill level 12 in Axes
  5963 | D:7      | Identified the ring of Xaxoxan {Wiz Str+5 Dex+4}
  6528 | D:7      | Reached skill level 5 in Invocations
  6679 | D:8      | Noticed Joseph
  6699 | D:8      | Killed Joseph
  6772 | D:8      | Found an ornate altar of the Wu Jian Council.
  6864 | D:8      | Reached XP level 10. HP: 77/77 MP: 14/14
  6897 | D:8      | Noticed Gastronok
  6941 | D:8      | Demolished by Gastronok

Illustrated notes

Levels and vault maps discovered:
D:1:      dpeg_arrival_signposts, layout_basic,
          shapermc_ecumenical_altar_hornbeckon, nicolae_figureground_sparkle
D:2:      layout_basic, hangedman_decor_peaks_small,
          chequers_serial_rivers_micro_e, uniq_robin
D:3:      layout_loops_cross, okawaru_ov_weapons_minmay,
          mainiacjoe_overflow_24_doors, uniq_terence
D:4:      layout_rooms, eat_drink_and_be_merry_uskayaw, nicolae_custom_books,
          grunt_ministairs_10
D:5:      layout_gridville, corexii_corridor_pit, serial_bayou_lagoon_b
D:6:      layout_loops_ring, kennysheep_mini,
          mainiacjoe_overflow_six_doors_small, minmay_temple_entry_glass,
          minmay_holes
D:7:      layout_rooms, nicolae_elevator_lobby_plus, uniq_prince_ribbit1
D:8:      minmay_the_grid_octo_triangle [minmay_the_grid_octo_focus,
          minmay_the_grid_octo_prize_single_spiral,
          minmay_the_grid_octo_thin_diamonds], layout_basic,
          amcnicky_altar_gilded, grunt_decor_junction,
          amcnicky_mini_corridor_feature, uniq_pikel, uniq_grum, uniq_joseph,
          uniq_gastronok

Skill      XL: |  1  2  3  4  5  6  7  8  9 |
---------------+----------------------------+-----
Axes           | 5 6 7 8 9 10 11 12 | 12.5
Armour         | 1 3 5 7 |  7.0
Shields        | 1 3 5 7 |  7.0
Invocations    | 2 5 |  5.8
Fighting       | |  3.6
Dodging        | |  2.4

Action                     |  1- 3 |  4- 6 |  7- 9 | 10-12 || total
---------------------------+-------+-------+-------+-------++-------
  Melee: Hand axe          |    99 |   170 |   473 |    31 ||   773
         Dagger            |       |    20 |       |       ||    20
         Mace              |       |       |       |     5 ||     5
 Invoke: Divine Shield     |       |       |     1 |     1 ||     2
    Use: Scroll            |       |       |     6 |       ||     6
 Armour: Robe              |     8 |       |       |       ||     8
         Ring mail         |    43 |    23 |       |       ||    66
         Chain mail        |       |    81 |   190 |     8 ||   279
  Dodge: Dodged            |    87 |    97 |   113 |     3 ||   300
  Block: Kite shield       |       |    46 |   270 |     9 ||   325
